Rangers vs Hurricanes

Created - March-23-14 at 11:05

Goals
1 2 3 T
Rangers 3 1 1 5
Hurricanes 0 1 0 1
Shots
1 2 3 T
Rangers 11 8 12 31
Hurricanes 7 8 5 20

1st period

1. Rangers , Craig Adams 2 (Vinny Prospal, Chris Tanev) at 1:49
2. Rangers , Vinny Prospal 7 (Lubomir Visnovsky, Karl Alzner) at 7:13
3. Rangers , David Legwand 12 (Mikael Backlund, Kris Russell) at 7:21

Penalties :
No Penalty

2nd period

4. Hurricanes , Shane OBrien 2 (Marc Staal, Brian Boyle) at 2:23
5. Rangers , David Legwand 13 (Derek Morris, Alex Goligoski) at 6:35

Penalties :
Steve Oleksy (CAR) for Holding (Minor) at 8:40, Rich Clune (CAR) for Hooking (Minor) at 15:10, Brian Boyle (CAR) for Holding (Minor) at 19:05

3rd period

6. Rangers , Tyler Ennis 15 (Alex Goligoski) at 6:04 (PP)

Penalties :
Mike Smith (CAR) for Slashing (Minor) at 0:13 - Duncan Keith served the penalty., Cal Clutterbuck (CAR) for Diving (Minor) at 5:14, Chris Tanev (NYR) for Interference (Minor) at 7:13, Steve Oleksy (CAR) for Cross-checking (Minor) at 9:24

Goalie Stats

Tomas Vokoun (NYR), 19 saves from 20 shots - (0.950), W, 25-29-1, 60:00 minutes
Mike Smith (CAR), 14 saves from 15 shots - (0.933), 33:25 minutes
Scott Clemmensen (CAR), 12 saves from 16 shots - (0.750), L, 2-4-0, 26:35 minutes

Players Stats for Rangers

Player Name              G  A  P  +/- PIM S  H  SB GA TA FO     MP     PP MP  PK MP  
------------------------------------------------------------------------------------
Alex Goligoski           0  2  2   0  0   2  0  1  0  0  0/0    23:54   7:24   0:30 
Benoit Pouliot           0  0  0   0  0   0  1  0  0  0  0/0     7:50   0:00   0:23 
Bryan Allen              0  0  0   0  0   0  0  0  0  0  0/0     1:09   0:00   0:00 
Chris Tanev              0  1  1   2  2   1  1  3  0  0  0/0    16:33   0:42   0:00 
Craig Adams              1  0  1   2  0   1  1  0  0  0  1/1    13:13   0:00   0:00 
David Legwand            2  0  2   1  0   4  0  0  0  0  10/22  22:29   5:34   1:36 
Derek Morris             0  1  1   0  0   0  3  0  0  0  0/0    17:03   3:26   1:07 
Devin Setoguchi          0  0  0   1  0   3  0  0  0  0  0/1    18:51   4:20   0:00 
Frans Nielsen            0  0  0   0  0   4  4  0  0  0  14/26  20:06   5:34   1:36 
Ilya Kovalchuk           0  0  0   0  0   2  0  2  0  0  2/3    19:35   0:00   0:00 
Karl Alzner              0  1  1   1  0   0  2  0  0  0  0/0    18:51   0:00   1:07 
Kris Russell             0  1  1   2  0   0  3  0  0  0  0/0    17:56   1:48   0:22 
Lubomir Visnovsky        0  1  1   1  0   5  1  1  0  0  0/0    24:33   6:28   0:52 
Mikael Backlund          0  1  1   1  0   2  1  0  0  0  1/1    18:51   4:20   0:00 
Sean Couturier           0  0  0   0  0   0  1  0  0  0  3/8    13:01   5:34   0:00 
Tyler Ennis              1  0  1   0  0   2  1  0  0  0  4/10   17:16   4:20   0:00 
Ville Leino              0  0  0   2  0   2  0  0  0  0  0/1    13:13   0:00   0:00 
Vinny Prospal            1  1  2   2  0   3  0  0  0  0  4/15   13:36   0:00   0:23 

Players Stats for Hurricanes

Player Name              G  A  P  +/- PIM S  H  SB GA TA FO     MP     PP MP  PK MP  
------------------------------------------------------------------------------------
Blake Wheeler            0  0  0  -2  0   4  1  2  0  0  0/0    18:43   0:49   0:00 
Brian Boyle              0  1  1  -1  2   1  1  0  0  0  13/19  13:43   0:00   4:17 
Cal Clutterbuck          0  0  0  -1  2   0  3  0  0  0  0/0    17:23   0:49   0:00 
Dale Weise               0  0  0   0  0   2  1  0  0  0  0/1    15:16   1:10   0:00 
Derek Roy                0  0  0  -1  0   3  0  1  0  0  10/18  18:22   1:10   0:51 
Duncan Keith             0  0  0   0  0   1  1  3  0  0  0/0    26:57   1:10   1:32 
Eric Staal               0  0  0  -1  0   1  0  1  0  0  14/22  17:58   0:49   0:34 
Jack Hillen              0  0  0   0  0   2  1  3  0  0  0/0    22:02   0:49   3:19 
James Wisniewski         0  0  0   0  0   0  1  1  0  0  0/0     0:22   0:00   0:00 
Lennart Petrell          0  0  0  -1  0   2  1  0  0  0  0/1    13:39   0:00   4:12 
Leo Komarov              0  0  0  -1  0   0  0  1  0  0  12/25  12:11   0:00   4:12 
Marc Staal               0  1  1   0  0   1  3  3  0  0  0/0    27:20   1:10   5:21 
Marty Reasoner           0  0  0   0  0   0  0  1  0  0  0/0     8:54   0:00   0:00 
Maxim Lapierre           0  0  0  -1  0   2  1  0  0  0  0/0     7:59   0:00   0:00 
Nick Foligno             0  0  0   0  0   0  0  0  0  0  0/1    18:57   0:00   4:51 
Rich Clune               0  0  0  -1  2   0  5  0  0  0  0/1     9:08   1:10   0:00 
Shane OBrien             1  0  1  -2  0   1  4  4  0  0  0/0    24:00   0:49   6:03 
Steve Oleksy             0  0  0  -3  4   0  1  1  0  0  0/0    16:16   0:00   3:33 

3 Stars

1 - David Legwand (NYR)
2 - Vinny Prospal (NYR)
3 - Craig Adams (NYR)

Power Play

Rangers - 1 on 6 Attempt(s) - 16.67%
Hurricanes - 0 on 1 Attempt(s) - 0.00%

Penalty Kill

Rangers - 1 on 1 Attempt(s) - 100.00% - Score 0 goal in Penalty Kill
Hurricanes - 5 on 6 Attempt(s) - 83.33% - Score 0 goal in Penalty Kill

Official

Referees : Trent Knorr and Rob Martell
Linesman : Scott Cherrey and Bryan Pancich

Game Notes

James Wisniewski is injured at 1:13 of 1st period (Right Leg)
Mike Smith enters game at 6:35 of 2nd period
Derek Morris is injured at 13:14 of 3rd period (Back Spasms)

Finance

Level 1 -- Attendance: 5772 (96.20%) -- Ticket Income $577,200
Level 2 -- Attendance: 5000 (100.00%) -- Ticket Income $325,000
Level 3 -- Attendance: 2991 (85.46%) -- Ticket Income $134,595
Level 4 -- Attendance: 3005 (93.03%) -- Ticket Income $81,135
Luxury Box -- Attendance: 982 (98.20%) -- Ticket Income $196,400
Game was played at the PNC Arena
Total Attendance: 17750 (94.77%)
Total Ticket Income: $1,314,330
Other Income: $197,150
Total Income: $1,511,480


% Time on Ice - Rangers

Lines # - Real PCT - Wanted PCT - Time Play
Normal Forward
1 - 27% - 40% - 12:56
2 - 30% - 30% - 14:31
3 - 15% - 20% - 7:27
4 - 27% - 10% - 13:13
Normal Defense
1 - 34% - 40% - 16:10
2 - 32% - 30% - 15:32
3 - 31% - 20% - 14:51
4 - 3% - 10% - 1:34
PP Forward
1 - 56% - 60% - 5:34
2 - 44% - 40% - 4:20
PP Defense
1 - 65% - 60% - 6:28
2 - 35% - 40% - 3:26
PK Forward
1 - 100% - 60% - 1:59
2 - 0% - 40% - 0:00
PK Defense
1 - 56% - 60% - 1:07
2 - 44% - 40% - 0:52
PK3 Forward
1 - 0% - 60%
2 - 0% - 40%
PK3 Defense
1 - 0% - 60%
2 - 0% - 40%
44 Forward
1 - 0% - 60%
2 - 0% - 40%
44 Defense
1 - 0% - 60%
2 - 0% - 40%
Last Minute Offensive  - 0:00
Last Minute Defensive  - 0:00
Total
Forward - 60:00
Defense - 60:00

% Time on Ice - Hurricanes

Lines # - Real PCT - Wanted PCT - Time Play
Normal Forward
1 - 34% - 39% - 16:35
2 - 29% - 35% - 14:06
3 - 20% - 15% - 9:27
4 - 17% - 11% - 7:59
Normal Defense
1 - 20% - 35% - 9:48
2 - 37% - 35% - 17:38
3 - 18% - 20% - 8:39
4 - 25% - 10% - 12:02
PP Forward
1 - 41% - 57% - 0:49
2 - 59% - 43% - 1:10
PP Defense
1 - 59% - 50% - 1:10
2 - 41% - 50% - 0:49
PK Forward
1 - 54% - 50% - 4:51
2 - 46% - 50% - 4:12
PK Defense
1 - 19% - 50% - 1:41
2 - 81% - 50% - 7:22
PK3 Forward
1 - 100% - 60% - 0:51
2 - 0% - 40% - 0:00
PK3 Defense
1 - 43% - 60% - 0:22
2 - 57% - 40% - 0:29
44 Forward
1 - 0% - 50%
2 - 0% - 50%
44 Defense
1 - 0% - 50%
2 - 0% - 50%
Last Minute Offensive  - 0:00
Last Minute Defensive  - 0:00
Total
Forward - 60:00
Defense - 60:00

Play by Play

1st period


0:01 of 1st period - Frans Nielsen wins face-off versus Eric Staal in neutral zone.
0:07 of 1st period - Icing by Duncan Keith.
0:08 of 1st period - David Legwand wins face-off versus Eric Staal in Hurricanes zone.
0:13 of 1st period - Shot by David Legwand.
0:13 of 1st period - Deflect By Mikael Backlund.
0:13 of 1st period - Shot Blocked by Duncan Keith.
0:15 of 1st period - Shot by Devin Setoguchi.
0:15 of 1st period - Shot Misses the Net.
0:47 of 1st period - Alex Goligoski is hit by Cal Clutterbuck and loses puck.
0:51 of 1st period - Icing by Derek Morris.
0:52 of 1st period - Derek Roy wins face-off versus David Legwand in Rangers zone.
0:53 of 1st period - Shot by Dale Weise.
0:53 of 1st period - Stopped by Tomas Vokoun without a rebound.
0:54 of 1st period - Ilya Kovalchuk wins face-off versus Derek Roy in Rangers zone.
0:58 of 1st period - Karl Alzner is hit by James Wisniewski and loses puck.
1:07 of 1st period - Shot by Tyler Ennis.
1:07 of 1st period - Shot Blocked by Derek Roy.
1:09 of 1st period - Shot by Frans Nielsen.
1:09 of 1st period - Stopped by Scott Clemmensen with a rebound.
1:11 of 1st period - Shot by Frans Nielsen.
1:11 of 1st period - Shot Misses the Net.
1:13 of 1st period - Shot by Frans Nielsen.
1:13 of 1st period - Shot Blocked by James Wisniewski.
1:13 of 1st period - James Wisniewski from Hurricanes is injured at 1:13 of 1st period (Right Leg).
1:14 of 1st period - Brian Boyle wins face-off versus Vinny Prospal in Hurricanes zone.
1:34 of 1st period - Vinny Prospal is hit by Steve Oleksy and loses puck.
1:47 of 1st period - Shot by Vinny Prospal.
1:47 of 1st period - Stopped by Scott Clemmensen with a rebound.
1:49 of 1st period - Shot by Craig Adams.
1:49 of 1st period - Goal by Craig Adams - Rangers : 1 - Hurricanes : 0.
1:50 of 1st period - Sean Couturier wins face-off versus Derek Roy in neutral zone.
2:03 of 1st period - Shot by Sean Couturier.
2:03 of 1st period - Shot Blocked by Jack Hillen.
2:09 of 1st period - Shot by Ilya Kovalchuk.
2:09 of 1st period - Stopped by Scott Clemmensen without a rebound.
2:10 of 1st period - Leo Komarov wins face-off versus David Legwand in Hurricanes zone.
2:23 of 1st period - Shot by Leo Komarov.
2:23 of 1st period - Shot Blocked by Alex Goligoski.
2:25 of 1st period - Shot by Maxim Lapierre.
2:25 of 1st period - Stopped by Tomas Vokoun without a rebound.
2:26 of 1st period - Frans Nielsen wins face-off versus Nick Foligno in Rangers zone.
2:41 of 1st period - Shot by Derek Roy.
2:41 of 1st period - Stopped by Tomas Vokoun without a rebound.
2:42 of 1st period - Eric Staal wins face-off versus David Legwand in Rangers zone.
4:56 of 1st period - Shot by Ville Leino.
4:56 of 1st period - Stopped by Scott Clemmensen with a rebound.
6:04 of 1st period - Shot by Devin Setoguchi.
6:04 of 1st period - Shot Hit the Post.
6:07 of 1st period - Icing by Derek Roy.
6:08 of 1st period - Brian Boyle wins face-off versus Sean Couturier in Hurricanes zone.
6:36 of 1st period - Derek Roy is hit by Benoit Pouliot and loses puck.
7:13 of 1st period - Shot by Vinny Prospal.
7:13 of 1st period - Goal by Vinny Prospal - Rangers : 2 - Hurricanes : 0.
7:14 of 1st period - David Legwand wins face-off versus Leo Komarov in neutral zone.
7:19 of 1st period - Shot by Mikael Backlund.
7:19 of 1st period - Shot Blocked by Steve Oleksy.
7:21 of 1st period - Shot by David Legwand.
7:21 of 1st period - Goal by David Legwand - Rangers : 3 - Hurricanes : 0.
7:22 of 1st period - Leo Komarov wins face-off versus David Legwand in neutral zone.
8:05 of 1st period - Off-side.
8:06 of 1st period - Frans Nielsen wins face-off versus Eric Staal in neutral zone.
8:09 of 1st period - Blake Wheeler is hit by Frans Nielsen and loses puck.
8:24 of 1st period - Shot by Blake Wheeler.
8:24 of 1st period - Stopped by Tomas Vokoun without a rebound.
8:25 of 1st period - Brian Boyle wins face-off versus Vinny Prospal in Rangers zone.
8:32 of 1st period - Alex Goligoski is hit by Brian Boyle and loses puck.
8:38 of 1st period - Icing by Derek Morris.
8:39 of 1st period - Leo Komarov wins face-off versus Vinny Prospal in Rangers zone.
8:49 of 1st period - Icing by Maxim Lapierre.
8:50 of 1st period - Leo Komarov wins face-off versus Frans Nielsen in Hurricanes zone.
9:15 of 1st period - Shot by Frans Nielsen.
9:15 of 1st period - Shot Misses the Net.
9:17 of 1st period - Shot by Lubomir Visnovsky.
9:17 of 1st period - Stopped by Scott Clemmensen without a rebound.
9:18 of 1st period - Derek Roy wins face-off versus David Legwand in Hurricanes zone.
10:34 of 1st period - Shot by Lubomir Visnovsky.
10:34 of 1st period - Stopped by Scott Clemmensen without a rebound.
10:35 of 1st period - Vinny Prospal wins face-off versus Lennart Petrell in Hurricanes zone.
12:12 of 1st period - Blake Wheeler is hit by Craig Adams and loses puck.
12:41 of 1st period - Dale Weise is hit by Frans Nielsen and loses puck.
13:29 of 1st period - Shot by Leo Komarov.
13:29 of 1st period - Shot Blocked by Lubomir Visnovsky.
13:42 of 1st period - Leo Komarov is hit by Karl Alzner.
14:00 of 1st period - Shot by Lennart Petrell.
14:00 of 1st period - Stopped by Tomas Vokoun without a rebound.
14:01 of 1st period - Brian Boyle wins face-off versus David Legwand in Rangers zone.
14:16 of 1st period - Shot by Devin Setoguchi.
14:16 of 1st period - Shot Blocked by Marty Reasoner.
14:20 of 1st period - Shot by Mikael Backlund.
14:20 of 1st period - Stopped by Scott Clemmensen without a rebound.
14:21 of 1st period - David Legwand wins face-off versus Eric Staal in Hurricanes zone.
14:34 of 1st period - Shot by Blake Wheeler.
14:34 of 1st period - Stopped by Tomas Vokoun without a rebound.
14:35 of 1st period - Leo Komarov wins face-off versus Sean Couturier in Rangers zone.
14:49 of 1st period - Derek Morris is hit by Rich Clune and loses puck.
15:29 of 1st period - Icing by Duncan Keith.
15:30 of 1st period - Leo Komarov wins face-off versus Vinny Prospal in Hurricanes zone.
15:58 of 1st period - Icing by Derek Roy.
15:59 of 1st period - Frans Nielsen wins face-off versus Derek Roy in Hurricanes zone.
16:16 of 1st period - Icing by Steve Oleksy.
16:17 of 1st period - Derek Roy wins face-off versus Sean Couturier in Hurricanes zone.
17:32 of 1st period - Shot by Cal Clutterbuck.
17:32 of 1st period - Shot Misses the Net.
17:34 of 1st period - Shot by Duncan Keith.
17:34 of 1st period - Deflect By Eric Staal.
17:34 of 1st period - Shot Misses the Net.
17:36 of 1st period - Shot by Eric Staal.
17:36 of 1st period - Shot Misses the Net.
17:42 of 1st period - Shot by Eric Staal.
17:42 of 1st period - Shot Blocked by Chris Tanev.
17:44 of 1st period - Shot by Blake Wheeler.
17:44 of 1st period - Deflect By Eric Staal.
17:44 of 1st period - Stopped by Tomas Vokoun with a rebound.
18:07 of 1st period - Lennart Petrell is hit by Karl Alzner.
18:14 of 1st period - Icing by Karl Alzner.
18:15 of 1st period - David Legwand wins face-off versus Leo Komarov in Rangers zone.
18:15 of 1st period - David Legwand is hit by Rich Clune.
18:18 of 1st period - Mikael Backlund is hit by Maxim Lapierre and loses puck.
18:33 of 1st period - Mikael Backlund is hit by Marc Staal and loses puck.
18:36 of 1st period - Shot by Karl Alzner.
18:36 of 1st period - Shot Blocked by Jack Hillen.
18:38 of 1st period - Shot by David Legwand.
18:38 of 1st period - Shot Misses the Net.
18:48 of 1st period - Shot by Mikael Backlund.
18:48 of 1st period - Stopped by Scott Clemmensen without a rebound.
18:49 of 1st period - Craig Adams wins face-off versus Derek Roy in Hurricanes zone.
19:31 of 1st period - Icing by Alex Goligoski.
19:32 of 1st period - Eric Staal wins face-off versus Vinny Prospal in Rangers zone.
19:32 of 1st period - Blake Wheeler is hit by Derek Morris and loses puck.
Goals for this period are 3 for Rangers vs 0 for Hurricanes.
Shots for this period are 11 for Rangers vs 7 for Hurricanes.

2nd period


0:01 of 2nd period - Eric Staal wins face-off versus Frans Nielsen in neutral zone.
0:08 of 2nd period - Shot by Blake Wheeler.
0:08 of 2nd period - Shot Blocked by Ilya Kovalchuk.
0:10 of 2nd period - Shot by Duncan Keith.
0:10 of 2nd period - Shot Misses the Net.
0:12 of 2nd period - Shot by Duncan Keith.
0:12 of 2nd period - Stopped by Tomas Vokoun without a rebound.
0:13 of 2nd period - David Legwand wins face-off versus Derek Roy in Rangers zone.
0:23 of 2nd period - Mikael Backlund is hit by Jack Hillen and loses puck.
0:32 of 2nd period - Shot by Devin Setoguchi.
0:32 of 2nd period - Stopped by Scott Clemmensen with a rebound.
0:57 of 2nd period - Icing by Duncan Keith.
0:58 of 2nd period - Tyler Ennis wins face-off versus Derek Roy in Hurricanes zone.
0:58 of 2nd period - Frans Nielsen is hit by Duncan Keith and loses puck.
1:13 of 2nd period - Lubomir Visnovsky is hit by Dale Weise and loses puck.
1:19 of 2nd period - Duncan Keith is hit by Frans Nielsen and loses puck.
1:36 of 2nd period - Shot by Ilya Kovalchuk.
1:36 of 2nd period - Stopped by Scott Clemmensen without a rebound.
1:37 of 2nd period - Eric Staal wins face-off versus Vinny Prospal in Hurricanes zone.
1:42 of 2nd period - Shot by Ville Leino.
1:42 of 2nd period - Shot Blocked by Shane OBrien.
1:50 of 2nd period - Shot by Ville Leino.
1:50 of 2nd period - Stopped by Scott Clemmensen without a rebound.
1:51 of 2nd period - David Legwand wins face-off versus Brian Boyle in Hurricanes zone.
1:55 of 2nd period - Mikael Backlund is hit by Shane OBrien and loses puck.
2:23 of 2nd period - Shot by Shane OBrien.
2:23 of 2nd period - Goal by Shane OBrien - Rangers : 3 - Hurricanes : 1.
2:24 of 2nd period - Eric Staal wins face-off versus Frans Nielsen in neutral zone.
2:29 of 2nd period - Shot by Blake Wheeler.
2:29 of 2nd period - Shot Misses the Net.
2:53 of 2nd period - Shot by Blake Wheeler.
2:53 of 2nd period - Shot Misses the Net.
2:56 of 2nd period - Icing by Karl Alzner.
2:57 of 2nd period - Derek Roy wins face-off versus Frans Nielsen in Rangers zone.
3:20 of 2nd period - Icing by Tyler Ennis.
3:21 of 2nd period - Brian Boyle wins face-off versus Frans Nielsen in Rangers zone.
3:28 of 2nd period - Shot by Lennart Petrell.
3:28 of 2nd period - Stopped by Tomas Vokoun without a rebound.
3:29 of 2nd period - Eric Staal wins face-off versus David Legwand in Rangers zone.
4:35 of 2nd period - Steve Oleksy is hit by Kris Russell and loses puck.
4:52 of 2nd period - Shot by Derek Roy.
4:52 of 2nd period - Shot Blocked by Ilya Kovalchuk.
4:54 of 2nd period - Shot by Nick Foligno.
4:54 of 2nd period - Shot Misses the Net.
4:56 of 2nd period - Shot by Derek Roy.
4:56 of 2nd period - Stopped by Tomas Vokoun without a rebound.
4:57 of 2nd period - Brian Boyle wins face-off versus Vinny Prospal in Rangers zone.
5:33 of 2nd period - Shot by Vinny Prospal.
5:33 of 2nd period - Shot Misses the Net.
6:20 of 2nd period - Shot by Frans Nielsen.
6:20 of 2nd period - Stopped by Scott Clemmensen without a rebound.
6:21 of 2nd period - Eric Staal wins face-off versus David Legwand in Hurricanes zone.
6:35 of 2nd period - Shot by David Legwand.
6:35 of 2nd period - Goal by David Legwand - Rangers : 4 - Hurricanes : 1.
6:35 of 2nd period - Mike Smith enters game.
6:36 of 2nd period - Ilya Kovalchuk wins face-off versus Dale Weise in neutral zone.
8:03 of 2nd period - Off-side.
8:04 of 2nd period - Leo Komarov wins face-off versus Vinny Prospal in neutral zone.
8:09 of 2nd period - Shot by Marc Staal.
8:09 of 2nd period - Stopped by Tomas Vokoun without a rebound.
8:10 of 2nd period - Leo Komarov wins face-off versus Frans Nielsen in Rangers zone.
8:26 of 2nd period - Icing by Tyler Ennis.
8:27 of 2nd period - Frans Nielsen wins face-off versus Eric Staal in Rangers zone.
8:27 of 2nd period - Frans Nielsen is hit by Blake Wheeler.
8:33 of 2nd period - Shot by Ilya Kovalchuk.
8:33 of 2nd period - Shot Blocked by Shane OBrien.
8:35 of 2nd period - Shot by Chris Tanev.
8:35 of 2nd period - Shot Blocked by Blake Wheeler.
8:37 of 2nd period - Shot by Tyler Ennis.
8:37 of 2nd period - Shot Misses the Net.
8:39 of 2nd period - Shot by Tyler Ennis.
8:39 of 2nd period - Shot Misses the Net.
8:40 of 2nd period - Minor Penalty to Steve Oleksy for Holding.
8:41 of 2nd period - Frans Nielsen wins face-off versus Brian Boyle in Hurricanes zone.
8:58 of 2nd period - Shot by David Legwand.
8:58 of 2nd period - Stopped by Mike Smith without a rebound.
8:59 of 2nd period - Mikael Backlund wins face-off versus Leo Komarov in Hurricanes zone.
9:02 of 2nd period - Shot by Tyler Ennis.
9:02 of 2nd period - Shot Misses the Net.
9:04 of 2nd period - Shot by Lubomir Visnovsky.
9:04 of 2nd period - Stopped by Mike Smith without a rebound.
9:05 of 2nd period - Tyler Ennis wins face-off versus Leo Komarov in Hurricanes zone.
9:10 of 2nd period - Shot by Lubomir Visnovsky.
9:10 of 2nd period - Shot Blocked by Leo Komarov.
9:18 of 2nd period - Shot by Alex Goligoski.
9:18 of 2nd period - Shot Misses the Net.
9:24 of 2nd period - Shot by Tyler Ennis.
9:24 of 2nd period - Stopped by Mike Smith without a rebound.
9:25 of 2nd period - Frans Nielsen wins face-off versus Brian Boyle in Hurricanes zone.
9:59 of 2nd period - Frans Nielsen is hit by Shane OBrien and loses puck.
10:33 of 2nd period - Icing by Tyler Ennis.
10:34 of 2nd period - Leo Komarov wins face-off versus Tyler Ennis in Rangers zone.
10:34 of 2nd period - Leo Komarov is hit by Lubomir Visnovsky.
10:58 of 2nd period - Shot by Vinny Prospal.
10:58 of 2nd period - Shot Blocked by Marc Staal.
11:00 of 2nd period - Shot by Craig Adams.
11:00 of 2nd period - Shot Hit the Post.
11:21 of 2nd period - Icing by Duncan Keith.
11:22 of 2nd period - Eric Staal wins face-off versus Frans Nielsen in Hurricanes zone.
11:53 of 2nd period - Shot by Maxim Lapierre.
11:53 of 2nd period - Stopped by Tomas Vokoun with a rebound.
11:55 of 2nd period - Shot by Maxim Lapierre.
11:55 of 2nd period - Shot Blocked by Chris Tanev.
11:59 of 2nd period - Shot by Leo Komarov.
11:59 of 2nd period - Shot Misses the Net.
12:01 of 2nd period - Shot by Leo Komarov.
12:01 of 2nd period - Shot Misses the Net.
12:32 of 2nd period - Derek Roy is hit by Kris Russell and loses puck.
12:35 of 2nd period - Shot by Derek Roy.
12:35 of 2nd period - Shot Misses the Net.
12:46 of 2nd period - Nick Foligno is hit by Kris Russell and loses puck.
13:03 of 2nd period - Steve Oleksy is hit by Tyler Ennis and loses puck.
13:10 of 2nd period - Shot by Brian Boyle.
13:10 of 2nd period - Stopped by Tomas Vokoun without a rebound.
13:11 of 2nd period - David Legwand wins face-off versus Eric Staal in Rangers zone.
13:11 of 2nd period - David Legwand is hit by Cal Clutterbuck.
13:51 of 2nd period - Icing by Jack Hillen.
13:52 of 2nd period - Vinny Prospal wins face-off versus Eric Staal in Hurricanes zone.
13:52 of 2nd period - Derek Morris is hit by Shane OBrien and loses puck.
15:06 of 2nd period - Icing by Alex Goligoski.
15:07 of 2nd period - Vinny Prospal wins face-off versus Leo Komarov in Rangers zone.
15:07 of 2nd period - Vinny Prospal is hit by Rich Clune.
15:10 of 2nd period - Minor Penalty to Rich Clune for Hooking.
15:11 of 2nd period - Leo Komarov wins face-off versus Frans Nielsen in Hurricanes zone.
16:01 of 2nd period - Icing by Mikael Backlund.
16:02 of 2nd period - Leo Komarov wins face-off versus Tyler Ennis in Rangers zone.
16:31 of 2nd period - Icing by Devin Setoguchi.
16:32 of 2nd period - Tyler Ennis wins face-off versus Brian Boyle in Rangers zone.
16:58 of 2nd period - Shot by David Legwand.
16:58 of 2nd period - Shot Misses the Net.
17:38 of 2nd period - Shot by Vinny Prospal.
17:38 of 2nd period - Shot Misses the Net.
18:09 of 2nd period - Shot by Derek Roy.
18:09 of 2nd period - Shot Misses the Net.
18:13 of 2nd period - Shot by Nick Foligno.
18:13 of 2nd period - Shot Misses the Net.
18:15 of 2nd period - Shot by Marc Staal.
18:15 of 2nd period - Shot Misses the Net.
18:19 of 2nd period - Shot by Dale Weise.
18:19 of 2nd period - Stopped by Tomas Vokoun without a rebound.
18:20 of 2nd period - Brian Boyle wins face-off versus David Legwand in Rangers zone.
18:26 of 2nd period - Icing by Karl Alzner.
18:27 of 2nd period - Brian Boyle wins face-off versus Devin Setoguchi in Rangers zone.
18:38 of 2nd period - Shot by Devin Setoguchi.
18:38 of 2nd period - Shot Misses the Net.
18:40 of 2nd period - Shot by Karl Alzner.
18:40 of 2nd period - Deflect By David Legwand.
18:40 of 2nd period - Shot Misses the Net.
18:42 of 2nd period - Shot by David Legwand.
18:42 of 2nd period - Shot Blocked by Duncan Keith.
18:44 of 2nd period - Shot by Lubomir Visnovsky.
18:44 of 2nd period - Shot Misses the Net.
19:05 of 2nd period - Minor Penalty to Brian Boyle for Holding.
19:06 of 2nd period - Leo Komarov wins face-off versus Frans Nielsen in Hurricanes zone.
Goals for this period are 1 for Rangers vs 1 for Hurricanes.
Shots for this period are 8 for Rangers vs 8 for Hurricanes.

3rd period


0:01 of 3rd period - Sean Couturier wins face-off versus Leo Komarov in neutral zone.
0:01 of 3rd period - Lubomir Visnovsky is hit by Lennart Petrell and loses puck.
0:06 of 3rd period - Duncan Keith is hit by Sean Couturier and loses puck.
0:13 of 3rd period - Shot by Frans Nielsen.
0:13 of 3rd period - Stopped by Mike Smith without a rebound.
0:13 of 3rd period - Minor Penalty to Mike Smith for Slashing.
0:14 of 3rd period - Derek Roy wins face-off versus Tyler Ennis in Hurricanes zone.
0:23 of 3rd period - Shot by Lubomir Visnovsky.
0:23 of 3rd period - Shot Blocked by Shane OBrien.
0:25 of 3rd period - Shot by Mikael Backlund.
0:25 of 3rd period - Deflect By Devin Setoguchi.
0:25 of 3rd period - Stopped by Mike Smith without a rebound.
0:26 of 3rd period - Derek Roy wins face-off versus Frans Nielsen in Hurricanes zone.
0:26 of 3rd period - Derek Roy is hit by Frans Nielsen.
0:36 of 3rd period - Shot by Alex Goligoski.
0:36 of 3rd period - Shot Blocked by Jack Hillen.
0:38 of 3rd period - Shot by Lubomir Visnovsky.
0:38 of 3rd period - Stopped by Mike Smith without a rebound.
0:39 of 3rd period - Derek Roy wins face-off versus Tyler Ennis in Hurricanes zone.
0:39 of 3rd period - Derek Roy is hit by Mikael Backlund.
1:19 of 3rd period - Shot by Derek Morris.
1:19 of 3rd period - Shot Misses the Net.
1:21 of 3rd period - Shot by Devin Setoguchi.
1:21 of 3rd period - Stopped by Mike Smith without a rebound.
1:22 of 3rd period - Frans Nielsen wins face-off versus Leo Komarov in Hurricanes zone.
2:11 of 3rd period - Icing by Frans Nielsen.
2:12 of 3rd period - Frans Nielsen wins face-off versus Leo Komarov in Rangers zone.
2:19 of 3rd period - Shot by Ville Leino.
2:19 of 3rd period - Shot Blocked by Eric Staal.
2:23 of 3rd period - Shot by Vinny Prospal.
2:23 of 3rd period - Shot Blocked by Duncan Keith.
2:37 of 3rd period - Shot by Chris Tanev.
2:37 of 3rd period - Stopped by Mike Smith without a rebound.
2:38 of 3rd period - Frans Nielsen wins face-off versus Derek Roy in Hurricanes zone.
3:29 of 3rd period - Icing by Lubomir Visnovsky.
3:30 of 3rd period - Eric Staal wins face-off versus Frans Nielsen in Rangers zone.
3:59 of 3rd period - Shot by Devin Setoguchi.
3:59 of 3rd period - Shot Blocked by Blake Wheeler.
4:01 of 3rd period - Shot by Mikael Backlund.
4:01 of 3rd period - Shot Blocked by Shane OBrien.
4:03 of 3rd period - Shot by David Legwand.
4:03 of 3rd period - Stopped by Mike Smith without a rebound.
4:04 of 3rd period - Brian Boyle wins face-off versus Vinny Prospal in Hurricanes zone.
4:06 of 3rd period - Icing by Duncan Keith.
4:07 of 3rd period - David Legwand wins face-off versus Brian Boyle in Hurricanes zone.
5:14 of 3rd period - Minor Penalty to Cal Clutterbuck for Diving.
5:15 of 3rd period - Frans Nielsen wins face-off versus Leo Komarov in Hurricanes zone.
5:16 of 3rd period - Shot by Alex Goligoski.
5:16 of 3rd period - Stopped by Mike Smith without a rebound.
5:17 of 3rd period - Frans Nielsen wins face-off versus Leo Komarov in Hurricanes zone.
5:18 of 3rd period - Shot by Alex Goligoski.
5:18 of 3rd period - Shot Misses the Net.
5:20 of 3rd period - Shot by Alex Goligoski.
5:20 of 3rd period - Shot Misses the Net.
5:24 of 3rd period - Shot by Lubomir Visnovsky.
5:24 of 3rd period - Stopped by Mike Smith without a rebound.
5:25 of 3rd period - Brian Boyle wins face-off versus Sean Couturier in Hurricanes zone.
5:31 of 3rd period - Icing by Sean Couturier.
5:32 of 3rd period - Frans Nielsen wins face-off versus Brian Boyle in Rangers zone.
5:45 of 3rd period - Shot by Lubomir Visnovsky.
5:45 of 3rd period - Shot Blocked by Marc Staal.
5:47 of 3rd period - Shot by Frans Nielsen.
5:47 of 3rd period - Stopped by Mike Smith without a rebound.
5:48 of 3rd period - Brian Boyle wins face-off versus Tyler Ennis in Hurricanes zone.
6:04 of 3rd period - Shot by Tyler Ennis.
6:04 of 3rd period - Goal by Tyler Ennis - Rangers : 5 - Hurricanes : 1.
6:05 of 3rd period - Sean Couturier wins face-off versus Eric Staal in neutral zone.
7:12 of 3rd period - Shot by Derek Roy.
7:12 of 3rd period - Shot Blocked by Chris Tanev.
7:13 of 3rd period - Minor Penalty to Chris Tanev for Interference.
7:14 of 3rd period - David Legwand wins face-off versus Rich Clune in Rangers zone.
7:28 of 3rd period - Rich Clune is hit by Derek Morris and loses puck.
8:16 of 3rd period - Icing by Jack Hillen.
8:17 of 3rd period - Eric Staal wins face-off versus Vinny Prospal in Hurricanes zone.
8:36 of 3rd period - Shot by Jack Hillen.
8:36 of 3rd period - Stopped by Tomas Vokoun without a rebound.
8:37 of 3rd period - Eric Staal wins face-off versus David Legwand in Rangers zone.
8:38 of 3rd period - Shot by Jack Hillen.
8:38 of 3rd period - Stopped by Tomas Vokoun with a rebound.
8:58 of 3rd period - Shot by Blake Wheeler.
8:58 of 3rd period - Stopped by Tomas Vokoun without a rebound.
8:59 of 3rd period - David Legwand wins face-off versus Derek Roy in Rangers zone.
9:23 of 3rd period - Derek Morris is hit by Shane OBrien and loses puck.
9:24 of 3rd period - Minor Penalty to Steve Oleksy for Cross-checking.
9:25 of 3rd period - Tyler Ennis wins face-off versus Leo Komarov in Hurricanes zone.
9:38 of 3rd period - Shot by Lubomir Visnovsky.
9:38 of 3rd period - Shot Blocked by Marc Staal.
9:40 of 3rd period - Shot by Alex Goligoski.
9:40 of 3rd period - Stopped by Mike Smith without a rebound.
9:41 of 3rd period - Brian Boyle wins face-off versus Tyler Ennis in Hurricanes zone.
11:38 of 3rd period - Shot by Vinny Prospal.
11:38 of 3rd period - Stopped by Mike Smith without a rebound.
11:39 of 3rd period - Vinny Prospal wins face-off versus Leo Komarov in Hurricanes zone.
12:39 of 3rd period - Off-side.
12:40 of 3rd period - Eric Staal wins face-off versus David Legwand in neutral zone.
12:52 of 3rd period - Shot by Blake Wheeler.
12:52 of 3rd period - Stopped by Tomas Vokoun without a rebound.
12:53 of 3rd period - Derek Roy wins face-off versus Ilya Kovalchuk in Rangers zone.
13:01 of 3rd period - Icing by Frans Nielsen.
13:02 of 3rd period - Eric Staal wins face-off versus Frans Nielsen in Rangers zone.
13:02 of 3rd period - Blake Wheeler is hit by Derek Morris and loses puck.
13:13 of 3rd period - Derek Morris is hit by Cal Clutterbuck and loses puck.
13:14 of 3rd period - Derek Morris from Rangers is injured at 13:14 of 3rd period (Back Spasms).
13:15 of 3rd period - Derek Roy wins face-off versus David Legwand in Rangers zone.
15:04 of 3rd period - Off-side.
15:05 of 3rd period - Frans Nielsen wins face-off versus Leo Komarov in neutral zone.
15:05 of 3rd period - Alex Goligoski is hit by Rich Clune.
15:08 of 3rd period - Tyler Ennis is hit by Marc Staal and loses puck.
15:16 of 3rd period - Ilya Kovalchuk is hit by Marc Staal and loses puck.
16:02 of 3rd period - Icing by Duncan Keith.
16:03 of 3rd period - Derek Roy wins face-off versus Ville Leino in Hurricanes zone.
16:10 of 3rd period - Shot by Derek Roy.
16:10 of 3rd period - Stopped by Tomas Vokoun without a rebound.
16:11 of 3rd period - Eric Staal wins face-off versus Vinny Prospal in Rangers zone.
16:29 of 3rd period - Blake Wheeler is hit by Chris Tanev and loses puck.
17:30 of 3rd period - Icing by Lubomir Visnovsky.
17:31 of 3rd period - Brian Boyle wins face-off versus Sean Couturier in Rangers zone.
19:48 of 3rd period - Ville Leino is hit by Rich Clune and loses puck.
Goals for this period are 1 for Rangers vs 0 for Hurricanes.
Shots for this period are 12 for Rangers vs 5 for Hurricanes.


Output by the SimonT Hockey Simulator (STHS) for Stephane Roy -- Original Page W3C XHTML 1.0 Valid
Hockey Simulator - Hockey Simulation - Hockey Manager